[Event "Live Chess"]
[Site "Chess.com"]
[Date "2023.05.21"]
[Round "-"]
[White "martinsmartin63"]
[Black "djw60"]
[Result "0-1"]
[WhiteElo "758"]
[BlackElo "2165"]
[TimeControl "300"]
[EndTime "6:53:21 PDT"]
[Termination "djw60 won by resignation"]

1. Nf3 d5 2. d4 Nf6 3. Bf4 c5 4. e3 Nc6 5. Bb5 Bd7 6. Ne5 Nxe5 7. Bxe5 Bxb5 8. Bxf6 gxf6 9. Nc3 Bc6 10. O-O e6 11. e4 dxe4 12. Re1 Qxd4 13. Qxd4 cxd4 14.
Nxe4 Bxe4 15. Rxe4 Rd8 16. Rd1 Bc5 17. c3 dxc3 18. Rxd8+ Kxd8 19. bxc3 Ke7 20. Rc4 Rd8 21. g3 b6 22. a4 Rd2 23. a5 Bxf2+ 24. Kh1 Bc5 25.
axb6 axb6 26. Ra4 f5 27. Ra7+ Kf6 28. h4 h5 29. Ra4 Rc2 30. g4 fxg4 31. Rf4+ Kg6 32.
Rc4 f5 33. Ra4 e5 34. Ra3 Bxa3 0-1

[Event "Live Chess"]
[Site "Chess.com"]
[Date "2023.05.21"]
[Round "-"]
[White "MartinWalker4"]
[Black "Biranidun"]
[Result "0-1"]
[WhiteElo "2070"]
[BlackElo "2516"]
[TimeControl "300"]
[EndTime "6:53:36 PDT"]
[Termination "Biranidun won on time"]

1. e4 c5 2. Nf3 g6 3. d4 cxd4 4.
Nxd4 Nf6 5. Nc3 d6 6. Bb5+ Nbd7 7.
O-O Bg7 8. Qe2 O-O 9. a4 a6 10. Bc4 Qc7 11. a5 Ne5 12. Bb3 Bd7 13. f4 Qc5 14.
fxe5 Qxd4+ 15. Be3 Qxe5 16. Bf4 Qh5 17. Qxh5 Nxh5 18. Bg5 Nf6 19. Rad1 Bc6 20. Bxf6 Bxf6 21. Nd5 Bxd5 22. Bxd5 Rab8 23. c3 Kg7 24. Rd3 e6 25. Ba2 Be5 26. Rdf3 Rbe8 27. h3 Re7 28. Kh1 Rc8 29. Rc1 Rec7 30. Rcf1 Rb8 31. Kg1 h5 32. Kh1 h4 33. Kg1 Bg3 34. Rd3 Rc5 35. b4 Rc7 36. c4 b6 37. axb6 Rxb6 38. Rb1 Rcb7 39. Rdb3 Kf6 40.
b5 axb5 41. cxb5 Ke5 42. Rb4 Ra7 43. Bb3 Rc7 44. Bd1 Rc5 45. Be2 Rc2 46. Bd3 Rd2 47.
Bf1 Bf2+ 0-1

[Event "Live Chess"]
[Site "Chess.com"]
[Date "2023.05.21"]
[Round "-"]
[White "FailsGambits"]
[Black "wadsy27"]
[Result "0-1"]
[WhiteElo "1330"]
[BlackElo "2554"]
[TimeControl "300"]
[EndTime "6:53:36 PDT"]
[Termination "wadsy27 won by resignation"]

1. e4 c5 2. Nf3 e6 3. d4 cxd4 4.
Nxd4 Nc6 5. Nc3 Qc7 6. Be3 a6 7. Be2 Nf6 8. O-O Bb4 9. f3 d5 10. e5 Nxe5 11. Bf4 Bd6 12. Re1 Nxf3+ 13. Bxf3 Bxf4 0-1

[Event "Live Chess"]
[Site "Chess.com"]
[Date "2023.05.21"]
[Round "-"]
[White "TheSmoulderingMaster"]
[Black "sup3rm0nk3y"]
[Result "1-0"]
[WhiteElo "1661"]
[BlackElo "1346"]
[TimeControl "300"]
[EndTime "6:53:46 PDT"]
[Termination "TheSmoulderingMaster won by resignation"]

1. e4 c5 2. Nf3 Nc6 3. d4 cxd4 4. Nxd4 d6 5. Nc3 Bd7 6. Be3 e5 7. Ndb5 a6 8. Nxd6+ Bxd6 9. Qxd6 Nf6 10. Bg5 Nd4 11.
Nd5 Nxc2+ 12. Kd2 Nxa1 13. Nc7+ Qxc7 14. Qxc7 Nxe4+ 15. Ke3 Nxg5 16. Qxe5+ Ne6 17. Bc4 O-O 18. Rxa1 Rfe8 19. Kd2 Rad8 20. Kc2 Nd4+ 21. Qxd4 Ba4+ 22. Kc3 Rxd4 23. Kxd4 g6 24. Rc1 Re2 25. Bxe2 1-0

[Event "Live Chess"]
[Site "Chess.com"]
[Date "2023.05.21"]
[Round "-"]
[White "AbilifyXL"]
[Black "RichardABates"]
[Result "0-1"]
[WhiteElo "1966"]
[BlackElo "2141"]
[TimeControl "300"]
[EndTime "6:53:49 PDT"]
[Termination "RichardABates won by resignation"]

1. d4 Nf6 2. c4 e5 3. dxe5 Ne4 4. Nf3 d6 5. e3 Nc6 6. Be2 Bf5 7. Nbd2 dxe5 8. O-O Be7 9. Nxe4 Bxe4 10. Bd2 O-O 11. Bc3 Bd6 12. Qd2 Bxf3 13. Bxf3 e4 14. Bg4 Qh4 15.
Bh3 Rad8 16. Qe2 Be5 17. Rac1 Bxc3 18. Rxc3 Ne5 19. Rcc1 Rd6 20. Rcd1 Rfd8 21. c5 Rd3 22. a3 h6 23. Bf5 g6 24. Bh3 R8d5 25. Bc8 b6 26.
cxb6 cxb6 27. Ba6 Nf3+ 28. gxf3 Rg5+ 29. Kh1 Rh5 0-1

[Event "Live Chess"]
[Site "Chess.com"]
[Date "2023.05.21"]
[Round "-"]
[White "Mugzwang"]
[Black "OleksiyJr1"]
[Result "0-1"]
[WhiteElo "1477"]
[BlackElo "1027"]
[TimeControl "300"]
[EndTime "6:54:04 PDT"]
[Termination "OleksiyJr1 won by resignation"]

1. Nf3 d5 2. c4 Nc6 3. e3 dxc4 4.
Bxc4 Nf6 5. d4 e6 6. O-O Bd6 7. Nc3 Bd7 8. Nb5 Ne4 9. Qc2 f5 10. Nd2 Nxd2 11. Bxd2 a6 12. Nxd6+ cxd6 13. Qb3 b5 14.
Bxe6 Bxe6 15. Qxe6+ Qe7 16. Qxf5 Nd8 17. Rac1 Nf7 18.
Qf3 O-O 19. Rc6 Nd8 20. Rc2 Rxf3 21. gxf3 Qf7 22. f4 Qg6+ 0-1

[Event "Live Chess"]
[Site "Chess.com"]
[Date "2023.05.21"]
[Round "-"]
[White "Doge_Dandolo"]
[Black "JoeRoot66"]
[Result "0-1"]
[WhiteElo "1890"]
[BlackElo "1904"]
[TimeControl "300"]
[EndTime "6:54:04 PDT"]
[Termination "JoeRoot66 won by resignation"]

1. Nf3 Nf6 2. c4 e6 3. g3 d5 4. Bg2 Be7 5. O-O O-O 6. d4 dxc4 7. Qc2 a6 8. a4 Bd7 9. Ne5 Bc6 10. Nxc6 Nxc6 11. Qxc4 Qxd4 12. Nd2 Qxc4 13. Nxc4 Nd4 14. Re1 Nc2 0-1

[Event "Live Chess"]
[Site "Chess.com"]
[Date "2023.05.21"]
[Round "-"]
[White "martynstanley"]
[Black "ossie57"]
[Result "0-1"]
[WhiteElo "1024"]
[BlackElo "1838"]
[TimeControl "300"]
[EndTime "6:54:18 PDT"]
[Termination "ossie57 won by checkmate"]

1. d4 d5 2. e3 Nf6 3. Bd3 Bg4 4. f3 Bh5 5. g4 Bg6 6. Bxg6 hxg6 7. f4 Ne4 8. Nd2 e6 9. Ngf3 Nxd2 10. Qxd2 Nc6 11. Ne5 Nxe5 12. fxe5 Qh4+ 13. Qf2 Qxg4 14. Bd2 Qh4 15.
Qxh4 Rxh4 16. O-O-O O-O-O 17. Be1 Rh3 18. Bg3 Be7 19.
Rdf1 f5 20. exf6 gxf6 21. Rf3 Bd6 22. Bxd6 Rxf3 23. Bf4 g5 24. Bg3 Rxe3 25. Kd2 Re4 26. h3 Rxd4+ 27. Ke2 Rc4 28. Kd2 Rh8 29. Bf2 Re4 30.
Be3 g4 31. Rf1 f5 32. b3 Rxh3 33. Re1 Rhxe3 34. Rxe3 Rxe3 35. Kxe3 Kd7 36. Kf4 Kd6 37. c3 b5 38. a3 c5 39. Kg3 a5 40. Kf4 a4 41.
bxa4 bxa4 42. Kg3 d4 43. cxd4 cxd4 44. Kf4 Kd5 45. Kg5 d3 46. Kf6 d2 47. Ke7 d1=Q 48. Kf7 e5 49. Kf6 e4 50. Kg5 e3 51.
Kxf5 e2 52. Kxg4 e1=Q+ 53. Kh3 Qf3+ 54. Kh2 Qef2# 0-1

[Event "Live Chess"]
[Site "Chess.com"]
[Date "2023.05.21"]
[Round "-"]
[White "MrDodgy"]
[Black "McSlash1"]
[Result "0-1"]
[WhiteElo "2272"]
[BlackElo "2002"]
[TimeControl "300"]
[EndTime "6:54:26 PDT"]
[Termination "McSlash1 won by resignation"]

1. e4 c5 2. Nf3 d6 3. d4 cxd4 4.
Nxd4 Nf6 5. Nc3 g6 6. Be3 Bg7 7. f3 O-O 8. Qd2 Nc6 9. O-O-O d5 10. exd5 Nxd5 11. Nxc6 bxc6 12. Bd4 Bxd4 13. Qxd4 Qb6 14. Nxd5 cxd5 15. Qxd5 Be6 16. Qd4 Qa5 17. a3 Rfd8 18. Qb4 Qg5+ 19. f4 Qg4 20. Bd3 a5 21. Qd2 Rac8 22. Kb1 a4 23. Qf2 Qh5 24. Be4 Rxd1+ 0-1

[Event "Live Chess"]
[Site "Chess.com"]
[Date "2023.05.21"]
[Round "-"]
[White "JohanKjeldahl"]
[Black "ClassyChameleon"]
[Result "1-0"]
[WhiteElo "1880"]
[BlackElo "1083"]
[TimeControl "300"]
[EndTime "6:54:34 PDT"]
[Termination "JohanKjeldahl won by checkmate"]

1. e4 e5 2. Nf3 Nc6 3. d4 exd4 4. c3 dxc3 5. Bc4 Nf6 6. Nxc3 Bd6 7. Qe2 Ne5 8. Nxe5 Bxe5 9. f4 Bd4 10. e5 Ng8 11.
Ne4 Ne7 12. Be3 Bxe3 13. Qxe3 Nf5 14. Qb3 O-O 15. O-O-O b6 16. Ng5 Nh6 17. Bd5 c6 18. Be4 Qe7 19. h4 g6 20. h5 Kg7 21. hxg6 fxg6 22.
Qh3 Qc5+ 23. Kb1 d5 24. Qxh6+ Kg8 25. Qxh7# 1-0

[Event "Live Chess"]
[Site "Chess.com"]
[Date "2023.05.21"]
[Round "-"]
[White "nigelst"]
[Black "mliszewski"]
[Result "0-1"]
[WhiteElo "1697"]
[BlackElo "1826"]
[TimeControl "300"]
[EndTime "6:54:41 PDT"]
[Termination "mliszewski won by resignation"]

1. e4 c6 2. d4 d5 3. exd5 cxd5 4.
Bd3 Nc6 5. c3 g6 6. Bf4 Bg7 7.
Nd2 Nh6 8. Ngf3 O-O 9. O-O f6 10. Re1 Nf7 11. Qe2 e5 12. dxe5 fxe5 13. Nxe5 Nfxe5 14. Bxe5 Nxe5 15. Nf3 Nxd3 16. Qxd3 Bf5 17. Qb5 Qd7 18.
Qb4 a5 19. Qh4 Be4 20. Ng5 h6 21. Nxe4 dxe4 22. Qxe4 Rae8 23. Qc4+ Kh7 24. Red1 Qf5 25. f3 b5 26. Qc7 a4 27. Rd7 Qf6 28. h3 Rc8 29.
Qb7 Rb8 30. Qa7 Qb6+ 31. Qxb6 Rxb6 32. Re1 b4 33. Ree7 Rg8 34. cxb4 Rxb4 35. Rb7 Rxb7 36.
Rxb7 Rc8 37. b3 axb3 38. axb3 h5 39. Kf2 Rc2+ 40. Kg3 Kh6 41. h4 Be5+ 42. Kh3 Rc1 43. g4 hxg4+ 44. fxg4 Rc3+ 45. Kg2 Rg3+ 46. Kf2 Rxg4 47.
Re7 Bd4+ 48. Kf3 Rxh4 49. b4 Bf6 50. Rb7 Rh3+ 51. Kg2 Rb3 52. b5 g5 53. Rb8 g4 54.
b6 Be5 55. Rb7 g3 56. Re7 Rb2+ 57. Kh3 Bb8 58. Re8 Rxb6 59. Kg4 g2 60. Re1 g1=Q+ 61. Rxg1 Rg6+ 0-1

[Event "Live Chess"]
[Site "Chess.com"]
[Date "2023.05.21"]
[Round "-"]
[White "AMCWAML"]
[Black "EdenHazard8"]
[Result "1-0"]
[WhiteElo "2268"]
[BlackElo "1976"]
[TimeControl "300"]
[EndTime "6:54:44 PDT"]
[Termination "AMCWAML won by resignation"]

1. e4 c6 2. Nf3 d5 3. exd5 cxd5 4. d4 Nc6 5. Bd3 Bg4 6. c3 e6 7. Qb3 Qc7 8. Bf4 Qxf4 9. Qxb7 Rb8 10. Qxc6+ Kd8 11. Nbd2 Rxb2 12. Qa8+ Qb8 13. Qxb8+ Rxb8 14. Ne5 Bh5 15. Nc6+ Kc7 16. Nxb8 Kxb8 17. Rb1+ 1-0

[Event "Live Chess"]
[Site "Chess.com"]
[Date "2023.05.21"]
[Round "-"]
[White "zdanevych"]
[Black "JoRoSaR"]
[Result "0-1"]
[WhiteElo "1492"]
[BlackElo "1682"]
[TimeControl "300"]
[EndTime "6:54:44 PDT"]
[Termination "JoRoSaR won by resignation"]

1. d4 f5 2. c4 Nf6 3. Nc3 e6 4. a3 d6 5. Nf3 Be7 6. h3 O-O 7. e3 Qe8 8. Bd3 Nbd7 9. O-O e5 10. dxe5 dxe5 11. Bxf5 c6 12. Bc2 Bd8 13. b4 Bc7 14. Bb2 Qh5 15. Ne4 Nxe4 16. Bxe4 Nf6 17. Bc2 e4 18. Nh2 Qg6 19. Qd4 Bxh3 20. Qxe4 Nxe4 0-1

[Event "Live Chess"]
[Site "Chess.com"]
[Date "2023.05.21"]
[Round "-"]
[White "Missedidea"]
[Black "garyjc"]
[Result "1-0"]
[WhiteElo "1769"]
[BlackElo "1035"]
[TimeControl "300"]
[EndTime "6:55:12 PDT"]
[Termination "Missedidea won by resignation"]

1. d4 Nf6 2. c4 g6 3. Nc3 Bg7 4. e4 d6 5. Nf3 O-O 6. Be2 e5 7. d5 Na6 8. Bg5 h6 9. Bh4 g5 10. Bg3 Nh5 11. Nd2 f5 12. Bxh5 f4 13. O-O fxg3 14.
hxg3 Nc5 15. Qe2 Bd7 16. b4 Na6 17. Rab1 c6 18. Rfc1 cxd5 19. cxd5 Nc7 20. a4 Ne8 21. Bg4 Bxg4 22. Qxg4 Nf6 23. Qe6+ Kh7 24. Nc4 Re8 25.
Qxd6 Qxd6 26. Nxd6 Rf8 27. Nf5 Ng4 28. Nb5 b6 29. Rc7 Rg8 30. Rbc1 Nf6 31. Nbd6 Ne8 32. Re7 Nxd6 33. Nxd6 Rad8 34. Nf5 Rde8 35. Rcc7 1-0

[Event "Live Chess"]
[Site "Chess.com"]
[Date "2023.05.21"]
[Round "-"]
[White "onemoretime1975"]
[Black "davigator"]
[Result "0-1"]
[WhiteElo "1855"]
[BlackElo "2302"]
[TimeControl "300"]
[EndTime "6:55:15 PDT"]
[Termination "davigator won by resignation"]

1. e4 c5 2. Nf3 Nc6 3. d3 g6 4.
g3 Bg7 5. Bg2 d6 6. O-O e6 7. c3 Nge7 8. Nbd2 O-O 9. a3 e5 10.
b4 b6 11. b5 Na5 12. c4 Rb8 13. a4 h6 14. Nb3 Nxb3 15. Qxb3 f5 16. Nd2 f4 17. f3 fxg3 18. hxg3 h5 19. Kh2 Be6 20.
Bh3 Qd7 21. Bxe6+ Qxe6 22. Rh1 Bh6 23. Nf1 Bxc1 24. Rxc1 Rxf3 25. Rc2 Rbf8 26. Kg2 Qf6 27. Nh2 Rf2+ 28. Rxf2 Qxf2+ 29. Kh3 Qe2 30. Qb1 g5 31. Qc1 g4+ 32. Kh4 Kg7 33. Qg5+ Ng6+ 34. Kxh5 Rh8+ 0-1

[Event "Live Chess"]
[Site "Chess.com"]
[Date "2023.05.21"]
[Round "-"]
[White "AlanPaling"]
[Black "chrisbradgate"]
[Result "1-0"]
[WhiteElo "1379"]
[BlackElo "864"]
[TimeControl "300"]
[EndTime "6:55:21 PDT"]
[Termination "AlanPaling won by checkmate"]

1. c4 e5 2. Nc3 Nc6 3. g3 Bb4 4. Bg2 Bxc3 5. dxc3 f6 6. e4 d6 7. Be3 Be6 8. b3 Qd7 9. Qd2 O-O-O 10. f4 exf4 11.
gxf4 Nge7 12. f5 Bf7 13. Bf1 Rhg8 14. b4 Bh5 15. Be2 Bxe2 16. Nxe2 Ne5 17. Qc2 Nxc4 18. Bd4 a6 19. Nf4 Rde8 20. Ne6 Nc6 21. Bf2 Nd8 22.
Qb3 Ne5 23. Nd4 Ndc6 24. b5 Nxd4 25. cxd4 Ng4 26. bxa6 Rxe4+ 27. Kf1 Qc6 28. Qxb7+ Qxb7 29. axb7+ Kxb7 30. Rb1+ Kc8 31. h3 Nxf2 32. Kxf2 Rf4+ 33.
Kg3 Rxd4 34. Rhc1 Rd3+ 35. Kf4 Rd4+ 36. Kf3 Rd3+ 37. Kf4 g5+ 38. fxg6 Rd4+ 39. Kf5 hxg6+ 40. Kxf6 Rf4+ 41. Kg5 Rd4 42. Rc6 Rd5+ 43. Kg4 Rd4+ 44. Kg5 Rg7 45. Rbc1 Rd5+ 46. Kf6 Rg8 47. Kf7 Rd8 48.
Kxg6 Rd3 49. Rxc7+ Kb8 50. Rh7 Rg3+ 51. Kf6 Rf3+ 52.
Ke6 Re3+ 53. Kd5 Rd3+ 54. Ke4 Re8+ 55. Kxd3 Rd8 56. Rb1+ Ka8 57. Rbb7 Rb8 58. Ra7# 1-0

[Event "Live Chess"]
[Site "Chess.com"]
[Date "2023.05.21"]
[Round "-"]
[White "smoggyrabbit"]
[Black "SimpleHarmonic1"]
[Result "0-1"]
[WhiteElo "1628"]
[BlackElo "2045"]
[TimeControl "300"]
[EndTime "6:55:21 PDT"]
[Termination "SimpleHarmonic1 won on time"]

1. d4 Nf6 2. Nf3 e6 3. e3 d5 4.
Bd3 c5 5. b3 Be7 6. O-O O-O 7.
Bb2 b6 8. Nbd2 Bb7 9. Ne5 Nbd7 10. f4 Rc8 11. c4 Ne4 12. Nxd7 Qxd7 13. Bxe4 dxe4 14. Qc2 f5 15. Rfd1 Qe8 16. Nf1 Qh5 17. Ng3 Qg4 18. d5 exd5 19. cxd5 Bh4 20. Nf1 Rfd8 21. d6 Ba6 22. Rd2 Bd3 23. Qc3 Rxd6 24. h3 Qg6 25. Qe5 Rcd8 26. Rad1 Bf6 0-1

[Event "Live Chess"]
[Site "Chess.com"]
[Date "2023.05.21"]
[Round "-"]
[White "Ocelot32"]
[Black "ameetghasi100"]
[Result "0-1"]
[WhiteElo "1394"]
[BlackElo "2583"]
[TimeControl "300"]
[EndTime "6:55:27 PDT"]
[Termination "ameetghasi100 won by resignation"]

1. e4 e5 2. Nf3 Nc6 3. Bb5 a6 4.
Ba4 Nge7 5. O-O d6 6. h3 g6 7. c3 Bg7 8. Re1 O-O 9. d3 f5 10. Bb3+ Kh8 11. Bg5 h6 12. Bxe7 Nxe7 13. Nbd2 c6 14.
Qc2 g5 15. exf5 Nxf5 16. d4 exd4 17. Nxd4 Nxd4 18. cxd4 Bxd4 19. Qg6 Qf6 20. Qh5 Bxf2+ 21. Kh1 Bxe1 22. Rxe1 d5 23. Nf3 Bf5 24. h4 Qg6 25. Qxg6 Bxg6 26. hxg5 Rae8 27. Rxe8 Rxe8 28. gxh6 Re2 29.
Nh4 Be4 30. Kh2 Rxb2 31. Kh3 Kh7 32. g4 Kxh6 33. Nf5+ Bxf5 34. gxf5 Rxb3+ 35. axb3 Kg5 0-1

[Event "Live Chess"]
[Site "Chess.com"]
[Date "2023.05.21"]
[Round "-"]
[White "LiamClery2020"]
[Black "GMHarry-youtube"]
[Result "0-1"]
[WhiteElo "1954"]
[BlackElo "2046"]
[TimeControl "300"]
[EndTime "6:55:34 PDT"]
[Termination "GMHarry-youtube won by resignation"]

1. e4 c5 2. Nf3 d6 3. Bb5+ Bd7 4. Bxd7+ Qxd7 5. O-O Nc6 6. Re1 Nf6 7. c3 d5 8. e5 Ng8 9. d4 e6 10. Bg5 Be7 11.
Bxe7 Ngxe7 12. Na3 c4 13. Nb5 Nc8 14. a3 a6 15.
Nd6+ Nxd6 16. exd6 Qxd6 17. Ne5 f6 18. Qh5+ g6 19.
Nxg6 O-O-O 20. Nxh8 Rxh8 21. Qf7 Nd8 22. Qxf6 Rf8 23.
Qe5 Qe7 24. f3 Rg8 25. Re2 Rg5 26.
Qf4 Kd7 27. Rae1 Qg7 28. g3 Rf5 29. Qe3 h5 30. Kh1 h4 31. g4 Rf8 32. Kg2 Qg6 33.
h3 Rf6 34. b3 cxb3 35. Rb2 Nc6 36. Rxb3 Qc2+ 37. Re2 Qxb3 38. Qg5 Rf7 39. Qxh4 Qxc3 40. Qh6 Nxd4 41. Rf2 Nxf3 42. g5 Ne1+ 43. Kf1 Qd3+ 44.
Kxe1 Qb1+ 45. Ke2 Qc2+ 46. Ke3 Qxf2+ 0-1

[Event "Live Chess"]
[Site "Chess.com"]
[Date "2023.05.21"]
[Round "-"]
[White "Chesscoach_Golichenko"]
[Black "kevinmilleruk"]
[Result "1-0"]
[WhiteElo "2623"]
[BlackElo "1149"]
[TimeControl "300"]
[EndTime "6:55:36 PDT"]
[Termination "Chesscoach_Golichenko won by resignation"]

1. d4 d5 2. Nc3 Nf6 3. Bf4 Nc6 4.
Nb5 e5 5. dxe5 Nh5 6. e3 Nxf4 7. exf4 Bc5 8. Qxd5 Qxd5 9. Nxc7+ Kd7 10. Nxd5 Re8 11. Nf3 f6 12. O-O-O fxe5 13. Nb6+ Kc7 14. Nxa8+ Kb8 15. fxe5 Kxa8 16. Bb5 Bg4 17. Bxc6 bxc6 18.
Rd2 Bxf2 19. Rxf2 Bxf3 20. Rxf3 Rxe5 21. Rd1 1-0

[Event "Live Chess"]
[Site "Chess.com"]
[Date "2023.05.21"]
[Round "-"]
[White "GEMdzq"]
[Black "Bob2pen"]
[Result "0-1"]
[WhiteElo "2230"]
[BlackElo "1836"]
[TimeControl "300"]
[EndTime "6:55:55 PDT"]
[Termination "Bob2pen won by checkmate"]

1. e4 e6 2. d4 d5 3. Nc3 Bb4 4. e5 Ne7 5. Bd2 b6 6. Qg4 Ba6 7. Bxa6 Nxa6 8. a3 Bxc3 9. Bxc3 Nf5 10. Qe2 Qc8 11. Nf3 c5 12. Qb5+ Kf8 13. g4 Nxd4 14.
Bxd4 cxd4 15. Nxd4 Nc5 16. O-O h6 17. f4 Kg8 18. f5 Qd7 19. Qxd7 Nxd7 20. fxe6 fxe6 21. Nxe6 Nxe5 22. h3 Re8 23. Nc7 Rd8 24. Rae1 Ng6 25. Ne6 Rc8 26. c3 Kh7 27. Rf7 Rhg8 28. Nd4 Rce8 29.
Rxe8 Rxe8 30. Rxa7 Re1+ 31. Kf2 Rb1 32. Nf5 Rxb2+ 33.
Ke3 Ne5 34. Rxg7+ Kh8 35. Rc7 Nc4+ 36. Kf4 Rf2+ 37. Kg3 Rc2 38. Nxh6 Rxc3+ 39. Kh4 Rxa3 40. g5 Ne5 41. Ng4 Ng6+ 42. Kh5 Nf4+ 43. Kh6 Rxh3# 0-1

[Event "Live Chess"]
[Site "Chess.com"]
[Date "2023.05.21"]
[Round "-"]
[White "LL220284LL"]
[Black "PantherCal"]
[Result "1/2-1/2"]
[WhiteElo "2282"]
[BlackElo "1828"]
[TimeControl "300"]
[EndTime "6:56:29 PDT"]
[Termination "Game drawn by stalemate"]

1. d4 d5 2. Nf3 c6 3. b3 Bf5 4. e3 e6 5. Bd3 Nf6 6. O-O Bd6 7. Bb2 O-O 8. Bxf5 exf5 9. Nbd2 Nbd7 10. c4 Ne4 11. cxd5 cxd5 12. Rc1 Ndf6 13. Ne5 Rc8 14.
Ndf3 Qe7 15. Qd3 a6 16. Nd2 g6 17. f3 Nxd2 18. Qxd2 Nd7 19. Nxd7 Qxd7 20. e4 dxe4 21. fxe4 fxe4 22. d5 Bc5+ 23. Kh1 e3 24. Qc3 f6 25.
Rxf6 Rxf6 26. Qxf6 e2 27. Qh8+ Kf7 28. Qxh7+ Ke8 29.
Qh8+ Bf8 30. Qe5+ Be7 31. Rxc8+ Qxc8 32. Qxe2 Qf5 33. g3 Qxd5+ 34. Kg1 Kd7 35. Qg4+ Kc7 36. Qf4+ Bd6 37. Qc4+ Qxc4 38. bxc4 Kc6 39. Bd4 Bc5 40. Bxc5 Kxc5 41. h4 Kxc4 42. g4 Kd4 43. Kf2 Ke4 44. h5 gxh5 45. gxh5 Kf5 46. Ke3 Kg5 47. Kd4 Kxh5 48.
Kc5 Kg6 49. Kb6 Kf7 50. Kxb7 a5 51. a4 Ke7 52. Kb6 Kd7 53. Kxa5 Kc8 54. Ka6 Kb8 55. Kb6 Ka8 56. Ka6 Kb8 57. a5 Ka8 58. Kb6 Kb8 59.
a6 Ka8 60. a7 1/2-1/2

[Event "Live Chess"]
[Site "Chess.com"]
[Date "2023.05.21"]
[Round "-"]
[White "GMMickeyAdams"]
[Black "raminguy"]
[Result "1-0"]
[WhiteElo "2785"]
[BlackElo "1947"]
[TimeControl "300"]
[EndTime "6:56:48 PDT"]
[Termination "GMMickeyAdams won by resignation"]

1. e4 e5 2. Nf3 Nc6 3. Nc3 Nf6 4. Bb5 Nd4 5. Ba4 Nxf3+ 6. gxf3 c6 7. d4 Qc7 8. f4 exd4 9. Qxd4 a5 10. e5 Ng8 11.
a3 b5 12. Bb3 Ne7 13. Qe4 Bb7 14. Rg1 Qb6 15. Be3 c5 16. Bd5 Nc6 17. f5 O-O-O 18. O-O-O g6 19. f6 h5 20. f4 Bh6 21. Bxf7 Ne7 22.
Qd3 Nf5 23. Nd5 Bxd5 24. Bxd5 Nxe3 25. Qxe3 Bf8 26. Rxg6 b4 27. a4 b3 28. Bxb3 d6 29. e6 1-0

[Event "Live Chess"]
[Site "Chess.com"]
[Date "2023.05.21"]
[Round "-"]
[White "Doge_Dandolo"]
[Black "elephantgerrald"]
[Result "1-0"]
[WhiteElo "1890"]
[BlackElo "671"]
[TimeControl "300"]
[EndTime "6:56:59 PDT"]
[Termination "Doge_Dandolo won by checkmate"]

1. Nf3 d5 2. c4 dxc4 3. e3 Bg4 4.
Bxc4 Bxf3 5. Qxf3 e6 6. d4 Nf6 7. Nc3 c6 8. O-O g6 9. e4 Bg7 10. Rd1 O-O 11. Bg5 Nbd7 12. e5 Nxe5 13. dxe5 Qxd1+ 14. Rxd1 b5 15. exf6 bxc4 16. fxg7 Rfd8 17. Rxd8+ Rxd8 18. Bxd8 Kxg7 19. Bf6+ Kh6 20. Qf4+ g5 21. Qxg5# 1-0

[Event "Live Chess"]
[Site "Chess.com"]
[Date "2023.05.21"]
[Round "-"]
[White "GEMdzq"]
[Black "kevinmilleruk"]
[Result "1-0"]
[WhiteElo "2230"]
[BlackElo "1149"]
[TimeControl "300"]
[EndTime "6:57:24 PDT"]
[Termination "GEMdzq won by resignation"]

1. e4 e5 2. d4 exd4 3. c3 dxc3 4. Bc4 Qe7 5. Nxc3 Nc6 6. Nf3 Nf6 7. O-O d6 8. Nd5 Nxd5 9. exd5 Ne5 10. Nxe5 Qxe5 11. Re1 Qxe1+ 12. Qxe1+ 1-0

[Event "Live Chess"]
[Site "Chess.com"]
[Date "2023.05.21"]
[Round "-"]
[White "Cimon"]
[Black "lateforthesky"]
[Result "0-1"]
[WhiteElo "1840"]
[BlackElo "2111"]
[TimeControl "300"]
[EndTime "6:57:28 PDT"]
[Termination "lateforthesky won by resignation"]

1. Nf3 Nf6 2. d4 g6 3. Bf4 Bg7 4. Nc3 d5 5. Qd2 O-O 6. h3 c5 7.
e3 cxd4 8. exd4 Ne4 9. Nxe4 dxe4 10. Ne5 Nc6 11. Nxc6 bxc6 12. c3 Be6 13. b3 a5 14.
Be2 a4 15. b4 f6 16. O-O Bf7 17. Be3 e5 18. Rfd1 f5 19. f4 exd4 20. Bxd4 Bxd4+ 21. Qxd4 Qxd4+ 22. Rxd4 Rfd8 23. Rxd8+ Rxd8 24. Rd1 Rxd1+ 25. Bxd1 a3 26. Kf2 Bxa2 27. Bc2 Bc4 0-1

[Event "Live Chess"]
[Site "Chess.com"]
[Date "2023.05.21"]
[Round "-"]
[White "Ian-Morley"]
[Black "CheckThis4"]
[Result "0-1"]
[WhiteElo "1087"]
[BlackElo "2524"]
[TimeControl "300"]
[EndTime "6:57:33 PDT"]
[Termination "CheckThis4 won by resignation"]

1. b3 d5 2. Bb2 Nc6 3. d4 Bf5 4. e3 e6 5. Bb5 Ne7 6. Bxc6+ Nxc6 7. Nf3 Bd6 8. Ne5 Bxe5 9. dxe5 Qg5 10. O-O Be4 11.
f3 Qxe3+ 12. Kh1 Bg6 13. Qe1 Qf4 14. Bc1 Qxe5 15. Qxe5 Nxe5 16. Nd2 Bxc2 17. Bb2 f6 18. Bxe5 fxe5 19. Rfe1 Kd7 20. Rxe5 Rae8 21. b4 Rhf8 22. Nb3 Bxb3 23. axb3 a6 24. b5 axb5 25. Ra7 Kc6 26. b4 Rf5 27. Re1 d4 28. Rc1+ Kb6 29. Raa1 c6 30.
Re1 d3 31. Rad1 Rd5 32. Re3 Red8 33. Rxe6 Rd4 34. Re4 d2 35. Kg1 Rxe4 36. fxe4 Rd4 37. Kf2 Rxe4 38. Rxd2 Rxb4 39. Rd7 Rg4 40. h3 Rg6 41.
Kf3 b4 42. g4 c5 43. Kf4 b3 44.
Rd2 c4 45. Rb2 Kc5 46. h4 Kb4 47. h5 Rf6+ 48. Ke5 c3 0-1

[Event "Live Chess"]
[Site "Chess.com"]
[Date "2023.05.21"]
[Round "-"]
[White "domrobson"]
[Black "viktorskliarov"]
[Result "0-1"]
[WhiteElo "1766"]
[BlackElo "2651"]
[TimeControl "300"]
[EndTime "6:57:35 PDT"]
[Termination "viktorskliarov won by resignation"]

1. d4 Nf6 2. c4 e6 3. Nf3 c5 4. d5 exd5 5. cxd5 Bd6 6. Nc3 O-O 7. e4 Re8 8. Bd3 b5 9. Nxb5 Nxe4 10. O-O a6 11. Bxe4 axb5 12. Qc2 h6 13. Be3 Na6 14. a3 Bb7 15. Rfe1 Qf6 16. Re2 Nc7 17. Rd1 Re7 18.
Bxc5 Bxc5 19. Qxc5 d6 20. Qe3 Rae8 21. Qb6 Bxd5 22.
Bxd5 Nxd5 23. Rxe7 Nxb6 24. Rxe8+ Kh7 25. Re2 Nc4 26. Nd4 Qg5 27. h3 Qd5 28. Kf1 Ne5 29. Red2 Qc4+ 30. Kg1 b4 31. axb4 Qxb4 32. b3 h5 33. Kf1 g6 34. Kg1 Qb6 35. Nf3 Nxf3+ 36. gxf3 Qxb3 37. Rxd6 Qxf3 38. R6d3 Qf5 39. Kg2 Kg7 40.
R1d2 h4 41. Kf1 Qg5 42. Ke2 Qe5+ 43. Kf1 Qe6 44. Kg2 g5 45. Kf1 f6 46. Kg2 Qe4+ 47.
Kf1 Qh1+ 48. Ke2 Kg6 49. Rd1 Qg2 50. R1d2 g4 51. hxg4 h3 52. Rg3 Qe4+ 53. Re3 Qxg4+ 54. f3 Qg1 55. Kd3 h2 0-1

[Event "Live Chess"]
[Site "Chess.com"]
[Date "2023.05.21"]
[Round "-"]
[White "Duke_of_Bebington"]
[Black "DoYouLikeCurry"]
[Result "1-0"]
[WhiteElo "1545"]
[BlackElo "1430"]
[TimeControl "300"]
[EndTime "6:57:39 PDT"]
[Termination "Duke_of_Bebington won by resignation"]

1. e4 c6 2. d4 d5 3. e5 Bf5 4. g4 Be4 5. f3 Bg6 6. h4 h5 7. g5 e6 8. Bd3 Bxd3 9. Qxd3 Qb6 10. g6 fxg6 11. Qxg6+ Kd7 12. Nh3 c5 13. c3 cxd4 14. cxd4 Qxd4 15. Qf7+ Kc6 16. Qxf8 Qxe5+ 17. Kf2 Qd4+ 18. Be3 Qxh4+ 19. Kg2 Qf6 20. Qc5+ Kd7 21. Nc3 Nc6 22. Bg5 Qg6 23. Rac1 Nh6 24. Rhd1 Nf7 25. Ne4 Nxg5 26. Qd6+ Kc8 27. Nexg5 Rd8 28. Qxe6+ Qxe6 29. Nxe6 Rg8 30. Rxd5 1-0

[Event "Live Chess"]
[Site "Chess.com"]
[Date "2023.05.21"]
[Round "-"]
[White "Olisingapore"]
[Black "Alfiedog12"]
[Result "1-0"]
[WhiteElo "1785"]
[BlackElo "891"]
[TimeControl "300"]
[EndTime "6:57:40 PDT"]
[Termination "Olisingapore won by resignation"]

1. d4 d5 2. Nf3 c6 3. g3 Bf5 4. Bg2 Nf6 5. c4 e6 6. Qb3 Qb6 7.
c5 Qxb3 8. axb3 a5 9. Nc3 Nbd7 10.
O-O Be7 11. b4 O-O 12. bxa5 Ra6 13. b4 Rfa8 14. Ra3 b6 15. Bf4 bxc5 16. dxc5 Bd8 17. Rfa1 R8a7 18. Nd4 Bc7 19. Bxc7 Rxc7 20. Bf1 Ne4 21.
Nxe4 Bxe4 22. e3 Rb7 23. Bxa6 Rxb4 24. Nxc6 Rb2 25. Bd3 Nxc5 26. Bxe4 Nxe4 27. a6 Nxf2 28. R3a2 Nh3+ 29. Kf1 Rb6 30. a7 Rxc6 31. a8=Q+ 1-0